 Dungeon Crawl Stone Soup version 0.22.0 (webtiles) character file.

130 Kirk the Chopper (level 4, 0/35 HPs)
             Began as a Demonspawn Gladiator on Aug 11, 2018.
             Slain by a goblin (3 damage)
             ... led by Robin
             ... while paralysed
             ... on level 3 of the Dungeon.
             The game lasted 00:03:38 (1888 turns).

Kirk the Chopper (Demonspawn Gladiator)             Turns: 1888, Time: 00:03:38

Health: 0/35       AC:  4    Str: 15    XL:     4   Next: 90%
Magic:  4/4        EV:  2    Int: 10    God:
Gold:   125        SH:  0    Dex: 14    Spells: 3/3 levels left

rFire    . . .     SeeInvis .   a - +0 war axe
rCold    . . .     Gourm    .   (no shield)
rNeg     . . .     Faith    .   b - +0 leather armour
rPois    .         Spirit   .   (helmet restricted)
rElec    .         Reflect  .   (no cloak)
rCorr    .         Harm     .   (no gloves)
MR       +....                  (no boots)
Stlth    +.........             (no amulet)
HPRegen  0.11/turn              (no ring)
MPRegen  0.09/turn              e - ring of protection from magic

@: paralysed, lethally poisoned (0 -> -7), berserk cooldown, slowed
A: antennae 1, rugged brown scales 1
a: no special abilities


You were on level 3 of the Dungeon.
You were not hungry.

You visited 1 branch of the dungeon, and saw 3 of its levels.

You collected 125 gold pieces.

Inventory:

Hand Weapons
 a - a +0 war axe (weapon)
Missiles
 d - 3 throwing nets
 g - 7 javelins (quivered)
 h - 20 poisoned needles
Armour
 b - a +0 leather armour (worn)
 r - a +0 plate armour
Jewellery
 e - a ring of protection from magic (right hand)
Wands
 p - a wand of digging (11)
Scrolls
 c - a scroll of teleportation {unknown}
 i - 3 scrolls of identify
 j - a scroll of remove curse
Potions
 l - a potion of curing
 o - 2 potions of heal wounds
Comestibles
 f - 4 rations


   Skills:
 + Level 2.4 Fighting
 * Level 4.8 Axes
 - Level 1.7 Throwing
 + Level 0.9 Armour
 - Level 2.6 Dodging


You had 3 spell levels left.
You didn't know any spells.
Your spell library was empty.

Dungeon Overview and Level Annotations

Branches:
Dungeon (3/15)

Altars:


Innate Abilities, Weirdness & Mutations

You have a pair of small antennae on your head.
You are partially covered in rugged brown scales. (AC +1, +3% HP)


Message History

a short sword of venom; an animal skin; a helmet; a dagger the hobgoblin corpse of Robin You feel sick.
The goblin barely misses you.
Things that are here:
a club; a goblin corpse You closely miss the goblin.
You feel sick. The goblin misses you.
You barely miss the goblin.
You feel sick. The goblin hits you.
* * * LOW HITPOINT WARNING * * *
You closely miss the goblin.
You feel sick. The goblin hits you.
* * * LOW HITPOINT WARNING * * *
You are too berserk!
You barely miss the goblin.
* * * LOW HITPOINT WARNING * * *
You feel sick. The goblin hits you.
* * * LOW HITPOINT WARNING * * *
You closely miss the goblin.
You are no longer berserk.
You pass out from exhaustion.
You feel yourself slow down. The goblin hits you.
You die...

#.#)##........+.....
#..[....#.....#.....
###.##....#####.....
#.##.<#.# #.....
#..#..#####*######
##.#.......* #)##.....,*
####)##..##,,*
#..@g....#...***
#..))).......,,*
#....)..##.?(,,*
#####......=.,,* #...###..,,*
********#.....*,,,,*
*,,,,,,,##..#.#,,,,*
***,*,,,*,,,....#,,,,*
********,,,*,*,****#.###*****


You could see a goblin.

Vanquished Creatures
  Ijyb (D:2)
  Robin (D:3)
  An adder (D:2)
  4 worms
  A dart slug (D:2)
  2 leopard geckos (D:2)
  An orc (D:3)
  7 bats
  4 giant cockroaches
  20 goblins
  4 hobgoblins
  4 jackals (D:1)
  A ball python (D:2)
  8 kobolds
  8 rats
67 creatures vanquished.

Notes
Turn   | Place    | Note
-------+----------+-------------------------------------------
     0 | D:1      | Kirk the Demonspawn Gladiator began the quest for the Orb.
     0 | D:1      | Reached XP level 1. HP: 16/16 MP: 1/1
     2 | D:1      | Noticed a formicid
     2 | D:1      | Noticed a demonspawn
     4 | D:1      | Noticed a demigod
     4 | D:1      | Noticed a dwarf
     6 | D:1      | Noticed a halfling
     6 | D:1      | Noticed a centaur
     8 | D:1      | Noticed a draconian
     8 | D:1      | Noticed a minotaur
    10 | D:1      | Noticed a vine stalker
    12 | D:1      | Noticed a tengu
    14 | D:1      | Noticed a human
    14 | D:1      | Noticed a gargoyle
    16 | D:1      | Noticed a spriggan
    16 | D:1      | Noticed a felid
    18 | D:1      | Noticed an elf
    18 | D:1      | Noticed a naga
    20 | D:1      | Noticed a vampire
    20 | D:1      | Noticed an ogre
    22 | D:1      | Noticed a merfolk
    25 | D:1      | Noticed a troll
    25 | D:1      | Noticed an octopode
    27 | D:1      | Noticed a ghoul
    76 | D:1      | Reached skill level 3 in Axes
   214 | D:1      | Gained mutation: You are partially covered in rugged brown scales. (AC +1, +3% HP) [demonic ancestry]
   214 | D:1      | Reached XP level 2. HP: 16/22 MP: 2/2
   922 | D:1      | Gained mutation: You have a pair of small antennae on your head. [demonic ancestry]
   922 | D:1      | Reached XP level 3. HP: 27/27 MP: 3/3
   961 | D:2      | Found a faded altar of an unknown god.
  1085 | D:2      | Reached skill level 4 in Axes
  1270 | D:2      | Noticed Ijyb
  1280 | D:2      | Reached XP level 4. HP: 25/33 MP: 4/4
  1293 | D:2      | Killed Ijyb
  1870 | D:3      | Noticed Robin
  1879 | D:3      | Killed Robin
  1888 | D:3      | Slain by a goblin

Skill      XL: |  1  2  3 |
---------------+----------+-----
Axes           | 3 4 |  4.8
Fighting       | |  2.4
Throwing       | |  1.7
Armour         | |  0.9
Dodging        | |  2.6

Action                   |  1- 3 |  4- 6 || total
-------------------------+-------+-------++-------
Melee: War axe           |   124 |    54 ||   178
Throw: Javelin           |     1 |       ||     1
       Throwing net      |     1 |       ||     1
  Use: Potion            |     1 |     1 ||     2
       Scroll            |     1 |     5 ||     6
  Eat: Chunk             |     1 |     2 ||     3
Armor: Leather armour    |    59 |    11 ||    70
Dodge: Dodged            |   111 |    46 ||   157
